AoeStats
← 超人不是我

MegaRandom

509999253Analyzed
4v4 RM · 5d ago on Sep 29, 2026· 52m 43s· 8 players
Game mode
Random Map
Map size
Large (8 player)
Population
200
Speed
Normal
Resources
Standard
Victory
Conquest
Starting age
Dark Age
Ending age
Imperial Age
RankedLock teamsTeams togetherTeam positionsShared explorationLock speedFull tech treeHidden civsTurbo modeCheats
Victory
Defeat
🇨🇳 Mongols · China
1306
+11
1142
+17
🇨🇳 Britons · China
1009
+23
🇨🇳 Sicilians · China
973
+25
🇦🇷 Varangians · Argentina
1187
-20
🇦🇷 Persians · Argentina
1173
-19
🇺🇸 Saxons · United States
1162
-19
🇺🇸 Britons · United States
1138
-18
超人不是我
12:44 Feudal Age
14:21 Wheelbarrow
13:49 Man-at-Arms
15:12 Loom
19:43 Double-Bit Axe
19:42 Horse Collar
27:34 Castle Age
25:44 Gold Mining
25:59 Gold Mining
26:00 Stone Mining
29:01 Heavy Plow
29:12 Bow Saw
29:04 Crossbowman
32:24 Ballistics
34:13 Hand Cart
34:41 Gold Shaft Mining
36:28 Yeomen
38:52 Imperial Age
36:28 Fletching
38:49 Bodkin Arrow
39:10 Arbalester
40:01 Bracer
40:31 Elite Skirmisher
43:37 Chemistry
43:28 Caravan
47:06 Guilds
46:58 Padded Archer Armor
48:10 Two-Man Saw
50:13 Conscription
50:10 Leather Archer Armor
un908561
6:40 Loom
12:12 Feudal Age
17:01 Castle Age
27:20 Fletching
27:46 Horse Collar
31:58 Wheelbarrow
38:20 Imperial Age
36:25 Hand Cart
36:04 Gold Mining
37:09 Town Watch
42:22 Scale Mail Armor
42:33 Forging
42:45 Conscription
43:00 First Crusade
42:51 Gambesons
43:07 Squires
42:52 Arson
43:26 Heavy Plow
43:13 Double-Bit Axe
43:21 Stone Mining
44:55 Caravan
44:43 Pikeman
45:40 Chain Mail Armor
46:01 Iron Casting
44:56 Elite Serjeant
45:53 Bodkin Arrow
47:18 Plate Mail Armor
47:28 Bow Saw
49:17 Blast Furnace
49:28 Chemistry
48:49 Ballistics
48:15 Arrowslits
49:19 Hoardings
49:50 Bracer
50:04 Masonry
49:59 Siege Engineers
51:14 Crop Rotation
860
10:41 Feudal Age
9:04 Loom
10:50 Feudal Age
15:24 Castle Age
14:12 Horse Collar
15:35 Double-Bit Axe
21:01 Bow Saw
25:16 Fletching
27:45 Bodkin Arrow
27:54 Padded Archer Armor
30:48 Wheelbarrow
31:20 Ballistics
31:03 Husbandry
31:11 Thumb Ring
31:02 Gold Mining
31:25 Stone Mining
33:57 Heavy Plow
37:53 Imperial Age
35:39 Hand Cart
35:16 Town Watch
38:07 Leather Archer Armor
38:20 Elite Mangudai
39:21 Conscription
39:04 Bracer
39:19 Bloodlines
38:30 Light Cavalry
40:52 Chemistry
39:57 Siege Engineers
39:48 Murder Holes
40:04 Masonry
42:23 Hussar
43:17 Scale Barding Armor
43:22 Forging
44:50 Chain Barding Armor
45:09 Gold Shaft Mining
45:10 Stone Shaft Mining
46:53 Iron Casting
47:42 Drill
46:44 Capped Ram
47:38 Siege Ram
52:49 Coinage
52:19 Caravan
活在故事里的骑士
11:49 Feudal Age
16:56 Castle Age
18:55 Forging
20:25 Loom
26:50 Iron Casting
26:44 Double-Bit Axe
26:43 Horse Collar
40:54 Imperial Age
40:28 Scale Barding Armor
41:03 Bow Saw
41:34 Wheelbarrow
40:45 Town Watch
41:22 Gold Mining
42:59 Squires
42:20 Pikeman
43:38 Conscription
47:46 Chain Barding Armor
48:27 Blast Furnace
47:14 Halberdier
47:41 Gambesons
48:35 Hand Cart
48:21 Town Patrol
48:35 Arson
50:05 Scale Mail Armor
50:52 Plate Barding Armor
50:36 Fletching
Yudgers555
0:35 Loom
13:20 Feudal Age
14:03 Double-Bit Axe
17:22 Wheelbarrow
17:54 Horse Collar
21:37 Castle Age
20:36 Gold Mining
20:58 Stone Mining
22:44 Bow Saw
23:25 Heavy Plow
31:13 Fletching
32:51 Bodkin Arrow
34:58 Town Watch
39:01 Hand Cart
39:08 Padded Archer Armor
41:15 Gold Shaft Mining
41:20 Ballistics
41:12 Fortified Wall
44:56 Imperial Age
42:41 Masonry
43:18 Leather Archer Armor
43:42 Town Patrol
43:26 Treadmill Crane
43:42 Murder Holes
46:47 Chemistry
45:51 Bracer
46:22 Ring Archer Armor
46:20 Conscription
46:44 Scale Mail Armor
46:55 Forging
46:47 Squires
46:32 Gambesons
46:33 Arson
47:21 Yeomen
47:45 Pikeman
49:21 Halberdier
50:20 Chain Mail Armor
52:23 Hoardings
Little Monster
10:52 Feudal Age
9:08 Loom
10:56 Feudal Age
12:27 Double-Bit Axe
17:58 Castle Age
16:57 Horse Collar
18:55 Bow Saw
22:38 Fletching
23:47 Forging
24:15 Squires
26:56 Gold Mining
27:19 Arson
28:58 Iron Casting
32:55 Stone Mining
37:04 Imperial Age
36:54 Thumb Ring
36:09 Crossbowman
36:09 Elite Skirmisher
37:17 Redemption
39:37 Gold Shaft Mining
39:55 Wheelbarrow
39:23 Heavy Plow
40:10 Bodkin Arrow
40:17 Padded Archer Armor
40:15 Town Watch
42:52 Chemistry
43:27 Masonry
44:52 Arbalester
49:22 Bracer
49:37 Leather Archer Armor
[BoB] Leeport
7:32 Loom
10:57 Feudal Age
13:28 Wheelbarrow
12:38 Horse Collar
12:47 Double-Bit Axe
21:11 Castle Age
20:47 Scale Barding Armor
20:55 Forging
20:41 Stone Mining
23:19 Chain Barding Armor
24:15 Stone Shaft Mining
25:50 Hand Cart
26:13 Heavy Plow
26:26 Bow Saw
28:27 Iron Casting
28:23 Fletching
33:17 Bloodlines
36:17 Bodkin Arrow
38:30 Town Watch
40:54 Gold Mining
41:28 Scale Mail Armor
42:47 Chain Mail Armor
48:00 Imperial Age
46:41 Light Cavalry
48:11 Squires
47:57 Gambesons
47:58 Arson
48:07 Hussar
49:20 Plate Mail Armor
50:11 Blast Furnace
49:47 Plate Barding Armor
49:45 Conscription
51:03 Bracer
52:24 Padded Archer Armor
53:37 Chemistry
52:57 Ballistics
LucasViola27
5:57 Loom
9:59 Feudal Age
10:58 Double-Bit Axe
11:34 Horse Collar
20:32 Castle Age
19:39 Bloodlines
20:38 Scale Barding Armor
21:19 Wheelbarrow
22:57 Chain Barding Armor
22:48 Forging
23:10 Bow Saw
22:59 Pikeman
25:42 Forging
30:21 Husbandry
30:48 Heavy Plow
41:50 Imperial Age
42:50 Plate Barding Armor
42:51 Iron Casting
43:20 Iron Casting
42:50 Cavalier
46:31 Blast Furnace
Connection lost

Rejoining the realm…

Still unreachable

The connection could not be restored.

Session expired

The server has moved on; the page needs a fresh start.